 Dungeon Crawl Stone Soup version 0.21-a0-509-gecc5317 (webtiles) character file.

132 mortelune the Digger (level 5, -11/28 HPs)
             Began as a Gargoyle Earth Elementalist on Nov 30, 2017.
             Mangled by an ogre
             ... wielding a +0 giant spiked club
              (21 damage)
             ... on level 2 of the Dungeon.
             The game lasted 00:11:02 (2912 turns).

mortelune the Digger (Gargoyle Earth Elementalist)  Turns: 2912, Time: 00:11:03

Health: -11/28     AC:  8    Str: 11    XL:     5   Next: 15%
Magic:  10/10      EV: 12    Int: 17    God:
Gold:   90         SH:  0    Dex: 10    Spells: 6/10 levels left

rFire    . . .     SeeInvis .   g - +0 mace
rCold    . . .     Gourm    .   (no shield)
rNeg     + . .     Faith    .   c - +0 robe
rPois    ∞         Spirit   .   s - +0 helmet
rElec    +         Reflect  .   (no cloak)
rCorr    .         Harm     .   (no gloves)
MR       .....                  r - +0 pair of boots
Stlth    ++........             (no amulet)
HPRegen  0.09/turn              (no ring)
MPRegen  0.12/turn              (no ring)

@: no status effects
A: negative energy resistance 1, electricity resistance, unbreathing,
petrification resistance, rot immunity, AC +4
a: no special abilities


You were on level 2 of the Dungeon.
You were not hungry.

You visited 1 branch of the dungeon, and saw 3 of its levels.

You collected 90 gold pieces.

Inventory:

Hand Weapons
 a - a +0 club
 f - a +0 whip
 g - a +0 mace (weapon)
Missiles
 b - 26 stones (quivered)
Armour
 c - a +0 robe (worn)
 k - a +0 leather armour
 r - a +0 pair of boots (worn)
 s - a +0 helmet (worn)
Jewellery
 p - an uncursed ring of resist corrosion {unknown}
Scrolls
 j - a scroll of blinking {unknown}
 l - a scroll of fog {unknown}
Potions
 m - 2 potions of berserk rage {unknown}
 n - a potion of curing {unknown}
 o - 2 potions of might {unknown}
 q - a potion of flight {unknown}
 t - a potion of brilliance {unknown}
Books
 e - a book of Geomancy

   Spells                             Type                      Level
   a - Sandblast                      Earth                        1
   b - Passwall                       Transmutation/Earth          2
   c - Stone Arrow                    Conjuration/Earth            3
   d - Petrify                        Transmutation/Earth          4
   e - Lee's Rapid Deconstruction     Earth                        5
Comestibles
 d - 2 bread rations
 i - 4 fruits


   Skills:
 - Level 2.1 Dodging
 - Level 2.1 Stealth
 + Level 3.4 Spellcasting
 + Level 0.7 Conjurations
   Level 0.7 Transmutations
 + Level 5.1 Earth Magic


You had 6 spell levels left.
You knew the following spells:

 Your Spells              Type           Power        Failure   Level  Hunger
a - Sandblast             Erth           ###...       1%          1    None
b - Stone Arrow           Conj/Erth      ##....       16%         3    ###....


Dungeon Overview and Level Annotations

Branches:
Dungeon (3/15)

Altars:
Okawaru
Yredelemnul

Annotations:
D:2 1 runed door
D:3 Gerstahl's ghost, amateur NaIE


Innate Abilities, Weirdness & Mutations

You are resistant to torment.
Your stone body is resilient. (AC +4)
You are immune to poison.
You resist negative energy. (rN+)
You are resistant to electric shocks. (rElec)
You can survive without breathing.
You are immune to petrification.
You are immune to rotting.


Message History

Confirm with . or Enter, or press ? or * to list all spells.
Aiming: Sandblast
Press: ? - help, Shift-Dir - straight line, f/p - ogre
Aim: an ogre, wielding a giant spiked club (moderately wounded)
Okay, then.
The ogre hits you with a giant spiked club!!
Ouch! That really hurt!
* * * LOW HITPOINT WARNING * * *
There is a stone staircase leading up here.
The ogre hits you with a giant spiked club.
* * * LOW HITPOINT WARNING * * *
You climb upwards.
Level annotation: 1 runed door
There is a stone staircase leading down here.
As you read the scroll labeled GUIHOR JARIMA, it crumbles to dust.
You feel aware of your surroundings.
It was a scroll of magic mapping.
Your magical contamination has completely faded away.
The ogre hits you with a giant spiked club!!
Ouch! That really hurt!
You die...

#......# #.#.#
######.###.#.#
#.....#.##
##.......# #.♣♣♣♣♣.#
#<♣.....#
##.P.P..#####
#.#♣..♣♣....#
##.♣@.♣♣###.# ######
#.O.## ###.####.....
#.######............
#........#.####.####
##########......#
########


You could see an ogre.

Vanquished Creatures
  A human zombie (D:2)
  A human skeleton (D:2)
  2 adders (D:2)
  A worm (D:2)
  A dart slug (D:2)
  2 leopard geckos
  10 bats
  6 hobgoblins
  4 jackals (D:2)
  A ball python (D:2)
  6 goblins
  8 kobolds
  3 rats (D:1)
46 creatures vanquished.

Notes
Turn   | Place    | Note
-------+----------+-------------------------------------------
     0 | D:1      | mortelune the Gargoyle Earth Elementalist began the quest for the Orb.
     0 | D:1      | Reached XP level 1. HP: 10/10 MP: 3/3
    83 | D:1      | Reached skill level 4 in Earth Magic
    83 | D:1      | Reached XP level 2. HP: 9/15 MP: 0/5
  1046 | D:1      | Reached XP level 3. HP: 19/19 MP: 6/6
  1238 | D:1      | Found an iron altar of Okawaru.
  1418 | D:1      | Learned a level 3 spell: Stone Arrow
  1565 | D:2      | Found a runed door.
  1565 | D:2      | Noticed a human
  1629 | D:2      | Found a basalt altar of Yredelemnul.
  1639 | D:2      | Reached XP level 4. HP: 24/24 MP: 0/8
  1846 | D:2      | Reached skill level 5 in Earth Magic
  2041 | D:2      | Reached XP level 5. HP: 25/28 MP: 3/9
  2771 | D:3      | Noticed Gerstahl's ghost (amateur NaIE)
  2843 | D:3      | Noticed an ogre
  2912 | D:2      | Mangled by an ogre

Vault maps used:
D:1:      dpeg_arrival_simpleton_c, minivault_27, minmay_misc_feat_enclosed,
          fountainhead, okawaru_ov_weapons_minmay
D:2:      serial_forest, infiniplex_forest_corner_2, infiniplex_forest_corner_1,
          infiniplex_forest_clump_curved, infiniplex_forest_end_1,
          infiniplex_forest_lined_3_way, infiniplex_forest_end_1,
          infiniplex_forest_lined_corner, dk_yredelemnul_ordeal
D:3:      nemelex_diamond_rough_becter

Skill      XL: |  1  2  3  4 |
---------------+-------------+-----
Earth Magic    | 4 5 |  5.1
Dodging        | 2 |  2.1
Spellcasting   | 3 |  3.4
Stealth        | |  2.1
Conjurations   | |  0.7
Transmutations | |  0.7

Action                   |  1- 3 |  4- 6 || total
-------------------------+-------+-------++-------
Melee: Club              |    19 |       ||    19
       Whip              |    26 |       ||    26
       Mace              |    11 |    48 ||    59
 Cast: Sandblast         |    31 |    10 ||    41
       Stone Arrow       |       |     6 ||     6
  Use: Scroll            |       |     1 ||     1
 Stab: Sleeping          |       |     1 ||     1
  Eat: Chunk             |     2 |     5 ||     7
Armor: Robe              |    62 |    29 ||    91
Dodge: Dodged            |    70 |    39 ||   109

Table legend:
 A = Spawn XP
 B = Non-spawn XP
 C = Spawn XP percentage of total XP
 D = Spawn monster count
 E = Non-spawn monster count
 F = Spawn count percentage of total count
 G = Total turns spent on level
                    A         B        C        D         E        F      G
               +---------+---------+-------+---------+---------+-------+---------
         Total |       0 |     189 |   0.0 |       0 |      46 |   0.0 |  2912
               +---------+---------+-------+---------+---------+-------+---------
           D:1 |       0 |      39 |   0.0 |       0 |      25 |   0.0 |  1419
           D:2 |       0 |     146 |   0.0 |       0 |      19 |   0.0 |  1385
           D:3 |       0 |       4 |   0.0 |       0 |       2 |   0.0 |   108
               +---------+---------+-------+---------+---------+-------+---------
